AoeStats
← Pumagun

Arabian Desert

509661353Analyzed
1v1 RM · 6d ago on Sep 27, 2026· 36m 54s· 2 players
Game mode
Random Map
Map size
Tiny (2 player)
Population
200
Speed
Normal
Resources
Standard
Victory
Conquest
Starting age
Dark Age
Ending age
Imperial Age
RankedLock teamsTeams togetherTeam positionsShared explorationLock speedFull tech treeHidden civsTurbo modeCheats
Victory
Defeat
🇨🇳 Franks · China
897
+17
🇩🇪 Sicilians · Germany
908
-48
1169656596
10:04 Feudal Age
8:40 Loom
16:05 Double-Bit Axe
19:53 Castle Age
18:13 Fletching
18:53 Forging
18:54 Gold Mining
20:08 Scale Barding Armor
29:03 Stone Mining
31:28 Treadmill Crane
32:10 Ballistics
32:01 Masonry
31:47 Bodkin Arrow
31:52 Padded Archer Armor
31:55 Scale Mail Armor
35:27 Imperial Age
32:44 Town Watch
36:42 Chain Mail Armor
37:05 Architecture
37:46 Conscription
Pumagun
11:39 Feudal Age
11:44 Loom
29:58 Horse Collar
Connection lost

Rejoining the realm…

Still unreachable

The connection could not be restored.

Session expired

The server has moved on; the page needs a fresh start.